 Dungeon Crawl Stone Soup version 0.30.0-3-ga4e48a9924 (webtiles) character file.

Game seed: 1721460105290875648

68 LaggoTC the Covered (level 4, 0/40 HPs)
             Began as an Armataur Fighter on May 7, 2023.
             Was an Initiate of Elyvilon.
             Slain by Grinder (7 damage)
             ... on level 3 of the Dungeon.
             The game lasted 00:13:15 (1616 turns).

LaggoTC the Covered (Armataur Fighter)              Turns: 1616, Time: 00:13:16

Health: 0/40       AC:  6    Str: 23    XL:     4   Next: 1%
Magic:  4/4        EV:  8    Int:  9    God:    Elyvilon [......]
Gold:   76         SH:  4    Dex:  9    Spells: 3/3 levels left

rFire   . . .        a - +0 long sword
rCold   . . .        c - +0 buckler
rNeg    . . .        l - +0 ring mail {rPois}
rPois   +            (no helmet)
rElec   .            (no cloak)
rCorr   .            (no gloves)
SInv    .            (no barding)
Will    .....        (no amulet) Stlth
                     (no ring)
HPRegen 0.26/turn    (no ring)
MPRegen 0.09/turn

%: roll
@: no status effects
A: large, rugged brown scales 3, deformed body, armoured tail, roll, long
tongue, awkward tongue
a: Renounce Religion


You were on level 3 of the Dungeon.
You worshipped Elyvilon.
Elyvilon was noncommittal.
You visited 1 branch of the dungeon, and saw 3 of its levels.

You collected 76 gold pieces.

Inventory:

Hand Weapons
 a - a +0 long sword (weapon)
Armour
 b - a +0 scale mail
 c - a +0 buckler (worn)
 l - a +0 ring mail of poison resistance (worn)
 n - the +2 leather armour of Resilience {*Slow rElec rCorr Dex+5}
   (You found it on level 3 of the Dungeon)

   Dex:       It affects your dexterity (+5).
   rElec:     It insulates you from electricity.
   rCorr:     It protects you from acid and corrosion.
   *Slow:     It may slow you when you take damage.
Scrolls
 e - a scroll of teleportation {unknown}
 f - a scroll of vulnerability {unknown}
 g - a scroll of enchant armour {unknown}
 i - a scroll of identify {unknown}
 j - a scroll of amnesia {unknown}
 k - a scroll of magic mapping {unknown}
 m - a scroll of enchant weapon {unknown}
Potions
 d - 3 potions of might
 h - a potion of heal wounds {unknown}


   Skills:
 * Level 3.5 Fighting
 * Level 2.9 Long Blades
 - Level 3.6 Armour
 + Level 0.2 Dodging
 - Level 3.4 Shields


You had 3 spell levels left.
You didn't know any spells.
Your spell library contained the following spells:

 Spells                   Type           Power      Damage    Failure   Level
 Ensorcelled Hibernation  Hex/Ice        0%         N/A       75%         2
 Passwall                 Tmut/Erth      0%         N/A       75%         2
 Swiftness                Air            0%         N/A       93%         3


Dungeon Overview and Level Annotations

Branches:
Dungeon (3/15)

Altars:
Elyvilon
Zin
The Shining One

Shops:
D:1 [

Annotations:
D:3 Grinder


Innate Abilities, Weirdness & Mutations

You are completely covered in rugged brown scales. (AC +3, +7% HP)
Armour fits poorly on your strangely shaped body.
You have a long armoured tail.
You roll when moving toward enemies. (Rampage)
Your long tongue fully drains potion bottles. (2x potion effects)
Your tongue gives you trouble enunciating. (1.5x scroll delay)


Message History

d - 3 potions of might (gained 1)
A frilled lizard comes into view.
The frilled lizard hisses angrily.
Grinder and a rat come into view.
Found 21 gold pieces.
You roll towards Grinder!
Grinder says, "Mostly I couldn't keep them alive."
Grinder attacks as you move away! Grinder hits you.
You writhe in agony.
The frilled lizard closely misses you.
The frilled lizard attacks as you move away!
The frilled lizard bites you but does no damage.
Grinder blinks!
The frilled lizard attacks as you move away!
The frilled lizard barely misses you.
You hit the frilled lizard.
You kill the frilled lizard!
You have reached level 4!
You feel clever.
You slash the rat!
You kill the rat!
You roll towards Grinder!
You hit Grinder.
Grinder is lightly wounded.
Grinder hits you. x2; You writhe in agony.
You hit Grinder.
Grinder is lightly wounded.
Grinder barely misses you.
You hit Grinder.
Grinder is moderately wounded.
Grinder drinks a potion.
Grinder seems to speed up.
You barely miss Grinder.
Your tail-slap misses Grinder.
Grinder is moderately wounded.
Grinder hits you but does no damage. Grinder gestures at you.
You barely resist. You hit Grinder.
Grinder is moderately wounded.
Grinder hits you.
You writhe in agony.
* * * LOW HITPOINT WARNING * * *
Grinder hits you!
You die...

..# #.................. ..#
#.................. ..
###.#########...... ###.##
#. #...... ..... #......
######..### #######
..........## ...........###
.........#5@.####
.........###....###########
.........# ####...##......#
.........# ###..#......#
.........# ##.#......#
......5..# #........#
.........# ##.......#
##......# #......##


You could see Grinder (fast).

Vanquished Creatures
  4 adders
  2 ball pythons
  5 endoplasms
  2 giant cockroaches (D:2)
  2 goblins
  2 hobgoblins
  2 jackals (D:1)
  4 bats
  3 frilled lizards
  A kobold (D:3)
  5 rats
32 creatures vanquished.

Notes
Turn   | Place    | Note
-------+----------+-------------------------------------------
     0 | D:1      | LaggoTC the Armataur Fighter began the quest for the Orb.
     0 | D:1      | Reached XP level 1. HP: 19/19 MP: 1/1
    48 | D:1      | Found Souris's Armour Shoppe.
   372 | D:1      | Reached XP level 2. HP: 27/27 MP: 2/2
   675 | D:2      | Reached XP level 3. HP: 18/33 MP: 3/3
   897 | D:2      | Found a faded altar of an unknown god.
  1322 | D:3      | Identified the +2 leather armour of Resilience {*Slow rElec
                  | rCorr Dex+5}
  1436 | D:3      | Found a white marble altar of Elyvilon.
  1436 | D:3      | Found a glowing golden altar of the Shining One.
  1438 | D:3      | Found a glowing silver altar of Zin.
  1557 | D:3      | Became a worshipper of Elyvilon the Healer
  1601 | D:3      | Noticed Grinder
  1608 | D:3      | Reached XP level 4. HP: 31/40 MP: 4/4
  1616 | D:3      | Slain by Grinder

Illustrated notes

Levels and vault maps discovered:
D:1:      minmay_arrival_up_and_down, layout_rooms, serial_shops, shop
D:2:      layout_loops_ring, basic_ecumenical_altar
D:3:      layout_basic, dreamdust_divine_triumvirate,
          nicolae_overflow_two_pavilions, uniq_grinder

Skill      XL: |  1  2 |
---------------+-------+-----
Fighting       | 3 |  3.5
Long Blades    | 2 |  2.9
Armour         | |  3.6
Dodging        | |  0.2
Shields        | |  3.4

Action                     |  1- 3 |  4- 6 || total
---------------------------+-------+-------++-------
  Melee: Long sword        |   111 |     6 ||   117
         Tailslap          |    14 |       ||    14
 Armour: Scale mail        |    39 |       ||    39
         Ring mail         |    15 |     1 ||    16
  Dodge: Dodged            |    49 |     1 ||    50
  Block: Buckler           |    23 |       ||    23
